 Dungeon Crawl Stone Soup version 0.25-a0-58-g9dd530fc12 (webtiles) character file.

Game seed: 777223035453927887, levelgen mode: deterministic

3595 Ablot the Magician (level 10, -5/77 HPs)
             Began as a Gnoll Skald on Oct 27, 2019.
             Was a Believer of Okawaru.
             Slain by an orc knight
             ... wielding a +0 war axe
              (21 damage)
             ... in a bailey.
             The game lasted 00:26:01 (6976 turns).

Ablot the Magician (Gnoll Skald)                    Turns: 6976, Time: 00:26:02

Health: -5/77      AC: 10    Str: 16    XL:     10   Next: 10%
Magic:  12/20      EV: 23    Int: 15    God:    Okawaru [**....]
Gold:   424        SH:  6    Dex: 23    Spells: 10/23 levels left

rFire    . . .     SeeInvis .   a - +0 spear
rCold    . . .     Gourm    .   A - +0 buckler
rNeg     . . .     Faith    .   h - +1 robe of the Monkey's Uncle {Dex+2 Slay+3}
rPois    .         Spirit   .   (no helmet)
rElec    .         Reflect  .   (no cloak)
rCorr    .         Harm     .   (no gloves)
MR       .....                  b - +2 pair of boots
Stlth    ++++......             F - amulet of regeneration
HPRegen  0.62/turn              r - ring of flight
MPRegen  0.17/turn              B - +4 ring of protection

@: agile, confusing touch, singing (expiring)
A: distributed training, fangs 1, strong nose
a: Heroism, Renounce Religion, Evoke Flight


You were in a bailey.
You worshipped Okawaru.
Okawaru was pleased with you.
You were hungry.

You visited 2 branches of the dungeon, and saw 9 of its levels.
You also visited: Sewer and Bailey.

You collected 446 gold pieces.
You spent 22 gold pieces at shops.

Inventory:

Hand Weapons
 a - a +0 spear (weapon)
 G - a +3 hunting sling
Missiles
 e - 237 stones
 g - 3 throwing nets
 j - 4 atropa-tipped darts
 m - 107 bolts
 y - 38 poisoned darts (quivered)
 I - 83 arrows
Armour
 b - a +2 pair of boots (worn)
 h - the +1 robe of the Monkey's Uncle (worn) {Dex+2 Slay+3}
   (You found it on level 5 of the Dungeon)

   It affects your dexterity (+2).
   It affects your accuracy and damage with ranged weapons and melee attacks
   (+3).
 A - a +0 buckler (worn)
Magical Staves
 D - an uncursed staff of conjuration
Jewellery
 r - a ring of flight (left hand)
 B - a +4 ring of protection (right hand)
 F - an amulet of regeneration (around neck)
Wands
 t - a wand of iceblast (7)
 L - a wand of paralysis (8)
 M - a wand of flame (13)
 N - a wand of disintegration (23)
Scrolls
 i - 5 scrolls of teleportation
 p - a scroll of fog {unknown}
 u - a scroll of enchant armour {unknown}
 v - a scroll of fear {unknown}
 w - a scroll of blinking {unknown}
 E - 2 scrolls of remove curse
 H - 4 scrolls of identify
 J - a scroll of immolation {unknown}
 O - a scroll of enchant weapon {unknown}
 P - a scroll of amnesia {unknown}
Potions
 c - 2 potions of heal wounds
 f - 4 potions of curing {unknown}
 k - 3 potions of agility
 l - a potion of invisibility {unknown}
 n - 3 potions of lignification {unknown}
 q - 2 potions of mutation
 s - a potion of haste {unknown}
 x - a potion of magic
 z - 4 potions of might {unknown}
 C - 2 potions of berserk rage {unknown}
 K - a potion of flight {unknown}
Comestibles
 d - 11 rations
 o - 22 chunks of flesh


   Skills:
 + Level 6.7 Fighting
 + Level 4.8 Short Blades
 + Level 4.8 Long Blades
 + Level 4.8 Axes
 + Level 4.8 Maces & Flails
 + Level 6.7 Polearms
 + Level 4.8 Staves
 + Level 4.8 Slings
 + Level 4.8 Bows
 + Level 4.8 Crossbows
 + Level 4.8 Throwing
 + Level 5.5 Armour
 + Level 6.7 Dodging
 + Level 4.8 Stealth
 + Level 4.8 Shields
 + Level 4.8 Unarmed Combat
 + Level 7.0 Spellcasting
 + Level 4.0 Conjurations
 + Level 4.0 Hexes
 + Level 6.8 Charms
 + Level 4.0 Summonings
 + Level 4.0 Necromancy
 + Level 4.0 Translocations
 + Level 4.0 Transmutations
 + Level 4.0 Fire Magic
 + Level 4.0 Ice Magic
 + Level 4.0 Air Magic
 + Level 4.0 Earth Magic
 + Level 4.0 Poison Magic
 + Level 5.3 Invocations
 + Level 4.8 Evocations


You had 10 spell levels left.
You knew the following spells:

 Your Spells              Type           Power        Failure   Level  Hunger
a - Infusion              Chrm           ####         1%          1    None
b - Song of Slaying       Chrm           ####....     1%          2    None
c - Shroud of Golubria    Chrm/Tloc      ###...       2%          2    None
d - Regeneration          Chrm/Necr      ###.......   4%          3    ##.....
e - Spectral Weapon       Hex/Chrm       ###.....     4%          3    ##.....
f - Confusing Touch       Hex            ###...       2%          1    None
g - Animate Skeleton      Necr           N/A          2%          1    None

Your spell library contained the following spells:

 Spells                   Type           Power        Failure   Level  Hunger
 Apportation              Tloc           ###...       2%          1    None
 Summon Small Mammal      Summ           ###.         2%          1    None


Dungeon Overview and Level Annotations

Branches:
Dungeon (8/15)             Temple (1/1) D:7           Sewer (visited)
 Bailey (1/1)
   Lair: D:8-11

Altars:
Ashenzari
Cheibriados
Dithmenos
Elyvilon
Fedhas
Gozag
Hepliaklqana
Makhleb
Nemelex Xobeh
Okawaru
Qazlal
Ru
Sif Muna
Trog
Uskayaw
Vehumet
Wu Jian
Xom
Zin
The Shining One

Shops:
D:4 =   D:5 (   D:6 =   D:7 !


Innate Abilities, Weirdness & Mutations

Your experience applies equally to all skills.
You have very sharp teeth.
Your uncanny sense of smell can sniff out nearby items.


Message History

The orc knight completely misses you.
* * * LOW HITPOINT WARNING * * *
The orc warrior completely misses you.
You swap places.
The orc knight hits your spectral weapon with a +0 war axe!!
Your spectral weapon shares its damage with you!
Your spectral weapon fades away.
You block the orc knight's attack.
* * * LOW HITPOINT WARNING * * *
Unknown command.
You closely miss the orc knight.
The orc knight shouts!
You bite the orc knight, but do no damage.
The orc knight is severely wounded.
Unknown command.
Casting: Spectral Weapon (safe; 4% risk of failure)
Confirm with . or Enter, or press ? or * to list all spells.
Your hands begin to glow red.
The orc knight hits you with a +0 war axe!!
You die...

### ###.###
###.....###
##.....o@..##
#......o)...#
#...........+
#.....⌠.....#
#...........#
#...........# ♣
###)........## ♣
###.#)#.....###
♣♣♣###....)###.###


You could see an orc knight and an orc warrior.

Vanquished Creatures
  The ghost of OleJ the Archer, an amateur CeHu of Nemelex Xobeh (D:7)
  2 hippogriffs (D:7)
  4 orc warriors
  A black bear (D:7)
  A phantom (D:4)
  A necrophage (D:8)
  3 ice beasts (D:6)
  2 sky beasts
  3 ogres
  2 centaurs (D:7)
  2 big kobolds (Sewer)
  A bullfrog (D:7)
  A howler monkey (D:6)
  An electric eel (D:6)
  2 crimson imps
  3 hounds
  2 jellies
  5 orc priests
  5 orc wizards
  A bullfrog skeleton (D:7)
  2 centaur skeletons (D:4)
  An iguana (D:4)
  Ijyb (D:3)
  4 worker ants
  10 gnolls
  10 adders
  2 river rats (Sewer)
  A shadow imp (D:6)
  4 oozes
  An adder skeleton (D:5)
  5 worms
  4 dart slugs
  7 leopard geckos
  34 orcs
  2 ball pythons (D:2)
  3 bats
  9 giant cockroaches
  14 goblins
  17 hobgoblins
  3 quokkas
  5 frilled lizards
  10 kobolds
  A quokka skeleton (D:4)
  9 rats
202 creatures vanquished.

Vanquished Creatures (collateral kills)
  An orc warrior (Bailey)
  A goblin (Bailey)
2 creatures vanquished.

Vanquished Creatures (others)
  A giant cockroach (D:3)
  7 spectral weapons
8 creatures vanquished.

Grand Total: 212 creatures vanquished

Notes
Turn   | Place    | Note
-------+----------+-------------------------------------------
     0 | D:1      | Ablot the Gnoll Skald began the quest for the Orb.
     0 | D:1      | Reached XP level 1. HP: 20/20 MP: 6/6
    39 | D:1      | Reached XP level 2. HP: 21/26 MP: 1/7
    53 | D:1      | Learned a level 2 spell: Song of Slaying
    56 | D:1      | Learned a level 2 spell: Shroud of Golubria
   423 | D:1      | Found a shattered altar of Ashenzari.
   431 | D:1      | Reached XP level 3. HP: 31/31 MP: 9/9
   616 | D:2      | Reached skill level 5 in Spellcasting
   634 | D:2      | Learned a level 3 spell: Regeneration
   638 | D:2      | Learned a level 3 spell: Spectral Weapon
   883 | D:2      | Reached skill level 1 in Invocations
  1063 | D:2      | Reached skill level 1 in Short Blades
  1063 | D:2      | Reached skill level 1 in Long Blades
  1063 | D:2      | Reached skill level 1 in Axes
  1063 | D:2      | Reached skill level 1 in Maces & Flails
  1063 | D:2      | Reached skill level 1 in Staves
  1063 | D:2      | Reached skill level 1 in Slings
  1063 | D:2      | Reached skill level 1 in Bows
  1063 | D:2      | Reached skill level 1 in Crossbows
  1063 | D:2      | Reached skill level 1 in Throwing
  1063 | D:2      | Reached skill level 1 in Stealth
  1063 | D:2      | Reached skill level 1 in Shields
  1063 | D:2      | Reached skill level 1 in Unarmed Combat
  1063 | D:2      | Reached skill level 1 in Evocations
  1170 | D:2      | Reached XP level 4. HP: 38/38 MP: 4/11
  1652 | D:3      | Found a faded altar of an unknown god.
  1771 | D:3      | Reached skill level 1 in Conjurations
  1771 | D:3      | Reached skill level 1 in Hexes
  1771 | D:3      | Reached skill level 1 in Summonings
  1771 | D:3      | Reached skill level 1 in Necromancy
  1771 | D:3      | Reached skill level 1 in Translocations
  1771 | D:3      | Reached skill level 1 in Transmutations
  1771 | D:3      | Reached skill level 1 in Fire Magic
  1771 | D:3      | Reached skill level 1 in Ice Magic
  1771 | D:3      | Reached skill level 1 in Air Magic
  1771 | D:3      | Reached skill level 1 in Earth Magic
  1771 | D:3      | Reached skill level 1 in Poison Magic
  1776 | D:3      | Noticed Ijyb
  1816 | D:3      | Killed Ijyb
  1816 | D:3      | Reached XP level 5. HP: 35/43 MP: 7/12
  1995 | D:3      | Found a glowing drain.
  2024 | Sewer    | Entered a sewer
  2112 | Sewer    | Noticed a big kobold
  2131 | Sewer    | Killed a big kobold
  2131 | Sewer    | Reached XP level 6. HP: 42/50 MP: 3/13
  2402 | Sewer    | Reached skill level 5 in Fighting
  2402 | Sewer    | Reached skill level 5 in Polearms
  2402 | Sewer    | Reached skill level 5 in Dodging
  2784 | D:4      | Reached XP level 7. HP: 35/56 MP: 5/15
  2944 | D:4      | Found Toewamae's Jewellery Boutique.
  2959 | D:4      | Bought a cursed amulet of inaccuracy for 22 gold pieces
  3472 | D:5      | Entered Level 5 of the Dungeon
  3556 | D:5      | Found Run Myi's Weapon Shoppe.
  3610 | D:5      | Got a transparent robe
  3621 | D:5      | Identified the +1 robe of the Monkey's Uncle {Dex+2 Slay+3}
                  | (You found it on level 5 of the Dungeon)
  3654 | D:5      | Reached XP level 8. HP: 59/63 MP: 8/16
  4353 | D:6      | Reached skill level 6 in Spellcasting
  4591 | D:6      | Found Xatin's Jewellery Emporium.
  4699 | D:6      | Found a blossoming altar of Fedhas.
  5027 | D:7      | Reached XP level 9. HP: 69/69 MP: 11/18
  5178 | D:7      | Found Kaigixos's Distillery.
  5219 | D:7      | Found a staircase to the Ecumenical Temple.
  5238 | Temple   | Entered the Ecumenical Temple
  5454 | Temple   | Became a worshipper of Warmaster Okawaru
  5905 | D:7      | Reached skill level 5 in Armour
  5946 | D:7      | Found a runed translucent door.
  6000 | D:7      | Noticed OleJ's ghost (amateur CeHu)
  6062 | D:7      | Reached * piety under Okawaru
  6409 | D:7      | Killed OleJ's ghost
  6446 | D:8      | Reached skill level 5 in Invocations
  6476 | D:8      | Found a stormy altar of Qazlal.
  6505 | D:8      | Found a flagged portal.
  6542 | D:8      | Learned a level 1 spell: Confusing Touch
  6544 | D:8      | Learned a level 1 spell: Animate Skeleton
  6576 | Bailey   | Entered a bailey
  6687 | Bailey   | Reached XP level 10. HP: 57/77 MP: 12/20
  6753 | Bailey   | Reached ** piety under Okawaru
  6753 | Bailey   | Reached skill level 7 in Spellcasting
  6886 | Bailey   | Noticed an orc knight
  6976 | Bailey   | Slain by an orc knight

Levels and vault maps discovered:
D:1:      minmay_arrival_radiant_lines, layout_basic, roderic_serpentine_path,
          columned_hall_lemuel, ashenzari_altar_1
D:2:      layout_basic, minmay_hexomino_f4
D:3:      layout_basic, chequers_ecumenical_altar_simple_redux,
          cheibrodos_sewer_entry_bend, lemuel_flame_loot_1, uniq_ijyb
D:4:      layout_cave_pools, first_ration, serial_shops, shop,
          kennysheep_generic_room_12
D:5:      layout_loops_ring, serial_shops, shop, nicolae_sextant
D:6:      layout_rooms, fedhas_altar_2, serial_shops, shop, serial_bayou_pond_c,
          minivault_4
D:7:      layout_layer_cave, minmay_temple_entry_slanted, serial_shops, shop,
          ebering_ghost_reflecting_pool
D:8:      minmay_clustersquares, layout_loops_corners, lemuel_doored_altar,
          lemuel_zombie_altar_yredelemnul, enter_bailey_2, blue_anna_alchemist
          [blue_anna_fruit_fields, blue_anna_fruit_fields],
          minmay_curled_crystal, serial_park_tiny_1,
          nicolae_qazlal_style_of_elements
Temple:   dpeg_five_rooms_temple
Bailey:   bailey_axe_minmay_hex_keep, bailey

Skill      XL: |  1  2  3  4  5  6  7  8  9 10 |
---------------+-------------------------------+-----
Spellcasting   | 5 6 7 |  7.0
Invocations    | 1 2 3 4 5 |  5.3
Short Blades   | 1 2 3 4 |  4.8
Long Blades    | 1 2 3 4 |  4.8
Axes           | 1 2 3 4 |  4.8
Maces & Flails | 1 2 3 4 |  4.8
Staves         | 1 2 3 4 |  4.8
Slings         | 1 2 3 4 |  4.8
Bows           | 1 2 3 4 |  4.8
Crossbows      | 1 2 3 4 |  4.8
Throwing       | 1 2 3 4 |  4.8
Stealth        | 1 2 3 4 |  4.8
Shields        | 1 2 3 4 |  4.8
Unarmed Combat | 1 2 3 4 |  4.8
Evocations     | 1 2 3 4 |  4.8
Conjurations   | 1 2 3 4 |  4.0
Hexes          | 1 2 3 4 |  4.0
Summonings     | 1 2 3 4 |  4.0
Necromancy     | 1 2 3 4 |  4.0
Translocations | 1 2 3 4 |  4.0
Transmutations | 1 2 3 4 |  4.0
Fire Magic     | 1 2 3 4 |  4.0
Ice Magic      | 1 2 3 4 |  4.0
Air Magic      | 1 2 3 4 |  4.0
Earth Magic    | 1 2 3 4 |  4.0
Poison Magic   | 1 2 3 4 |  4.0
Armour         | 3 4 5 |  5.5
Fighting       | 5 6 |  6.7
Polearms       | 5 6 |  6.7
Dodging        | 5 6 |  6.7
Charms         | 6 |  6.8

Action                   |  1- 3 |  4- 6 |  7- 9 | 10-12 || total
-------------------------+-------+-------+-------+-------++-------
Melee: Spear             |   122 |   195 |   427 |    79 ||   823
       Bite              |     4 |    18 |    75 |    14 ||   111
       Punch             |       |       |     7 |       ||     7
Throw: Stone             |       |     1 |       |       ||     1
       Dart              |       |       |     1 |     3 ||     4
 Cast: Infusion          |     3 |     8 |    13 |       ||    24
       Shroud of Golubri |     5 |    13 |    32 |     7 ||    57
       Regeneration      |     2 |       |     9 |     4 ||    15
       Spectral Weapon   |       |     6 |    25 |     6 ||    37
       Song of Slaying   |       |     3 |     6 |     3 ||    12
       Animate Skeleton  |       |       |       |     5 ||     5
       Confusing Touch   |       |       |       |     1 ||     1
 Abil: Evoke Flight      |       |     1 |       |       ||     1
  Use: Scroll            |     1 |     2 |     7 |       ||    10
       Potion            |       |       |       |     4 ||     4
 Stab: Sleeping          |     3 |       |     9 |     2 ||    14
       Distracted        |       |     1 |     3 |     2 ||     6
  Eat: Chunk             |     1 |     7 |    15 |     1 ||    24
Armor: Leather armour    |    16 |    18 |    17 |       ||    51
       Robe              |       |       |    48 |     4 ||    52
       Ring mail         |       |       |    29 |       ||    29
Dodge: Dodged            |    61 |    88 |   211 |    40 ||   400
Block: Buckler           |       |       |    20 |    15 ||    35

Table legend:
 A = Non-vault XP
 B = Vault XP
 C = Vault XP percentage of total XP
 D = Non-vault monster count
 E = Vault monster count
 F = Vault count percentage of total count
                 A         B        C        D         E       F
            +---------+---------+-------+---------+---------+-------
      Total |    3868 |    1268 |  24.7 |     143 |      61 |  29.9
            +---------+---------+-------+---------+---------+-------
        D:1 |      35 |       0 |   0.0 |      16 |       0 |   0.0
        D:2 |      54 |       7 |  11.5 |      19 |       3 |  13.6
        D:3 |      66 |      41 |  38.3 |      14 |       2 |  12.5
        D:4 |     512 |       1 |   0.2 |      19 |       1 |   5.0
        D:5 |     519 |       0 |   0.0 |      24 |       0 |   0.0
        D:6 |     780 |       0 |   0.0 |      24 |       0 |   0.0
        D:7 |    1574 |     295 |  15.8 |      22 |       1 |   4.3
        D:8 |     328 |       0 |   0.0 |       5 |       0 |   0.0
      Sewer |       0 |     271 | 100.0 |       0 |      19 | 100.0
     Bailey |       0 |     653 | 100.0 |       0 |      35 | 100.0
            +---------+---------+-------+---------+---------+-------
